Map: Ulrena

Players

Furrow - Winner!

  • Race: Protoss Protoss
  • Spawn Location: 7:00

Fropez

  • Race: Protoss Protoss
  • League: Silver
  • Spawn Location: 11:00

VOD

Have the link to the VOD?

Description

Time

  • Played on: May 16, 2016, 9:58 a.m.
  • Length: 9:36
Show
View Real Time Build Order
Export as new Build Order

Furrow Protoss - Winner!

Build Orders: 1 Gate Expand 

Get SALT Encoding   

  12  0:01  Probe (Chrono Boost)  
  13  0:12  Probe (Chrono Boost)  
  14  0:18  Pylon  
  14  0:22  Probe (Chrono Boost)  
  15  0:36  Probe (Chrono Boost)  
  15  0:40  Gateway  
  16  0:47  Probe (Chrono Boost)  
  17  0:55  Assimilator  
  17  1:16  Nexus  
  17  1:20  Probe (Chrono Boost)  
  18  1:29  Cybernetics Core  
  18  1:37  Assimilator  
  18  1:49  Zealot  
  20  1:55  Probe (Chrono Boost)  
  21  2:06  Probe (Chrono Boost)  
  22  2:16  Probe (Chrono Boost)  
  22  2:17  Pylon  
  23  2:23  Gateway  
  23  2:26  Pylon  
  23  2:33  Sentry  
  23  2:34  Probe (Chrono Boost)  
  26  2:43  Mothership Core (Chrono Boost)  
  28  2:45  Probe (Chrono Boost)  
  28  3:06  Forge  
  28  3:13  Stalker x2  
  32  3:36  Gateway  
  32  3:38  Probe (Chrono Boost)  
  33  3:49  Probe (Chrono Boost)  
  33  3:50  Robotics Facility  
  34  3:56  Pylon  
  34  3:59  Protoss Ground Weapons Level 1  
  34  4:02  Zealot  
  36  4:06  Stalker  
  38  4:14  Probe (Chrono Boost)  
  39  4:23  Stalker  
  41  4:24  Probe (Chrono Boost)  
  41  4:27  Probe (Chrono Boost)  
  43  4:35  Photon Cannon  
  43  4:38  Probe (Chrono Boost)  
  43  5:02  Photon Cannon  
  43  5:09  Stalker x3  
  43  5:12  Probe (Chrono Boost)  
  50  5:22  Probe (Chrono Boost)  
  50  5:26  Pylon  
  51  5:29  Pylon  
  51  5:33  Probe (Chrono Boost)  
  52  5:39  Warp Gate  
  52  5:43  Probe (Chrono Boost)  
  53  6:07  Stalker x3  
  51  7:09  Stalker x3  
  51  7:11  Probe (Chrono Boost)  
  51  7:14  Assimilator  
  54  7:17  Assimilator  
  54  7:22  Probe (Chrono Boost)  
  55  7:24  Photon Cannon  
  55  7:30  Gateway x2  
  55  7:32  Probe (Chrono Boost)  
  55  7:35  Gateway  
  56  7:40  Pylon  
  56  7:43  Probe (Chrono Boost)  
  53  8:01  Sentry x2  
  53  8:03  Stalker  
  59  8:07  Photon Cannon  
  59  8:09  Probe (Chrono Boost)  
  59  8:11  Probe (Chrono Boost)  
  62  8:20  Probe (Chrono Boost)  
  62  8:21  Probe (Chrono Boost)  
  63  8:30  Probe (Chrono Boost)  
  63  8:32  Probe (Chrono Boost), Immortal  
  69  8:36  Stalker x5  
  69  8:37  Stalker  
  81  9:07  Twilight Council  
  77  9:24  Nexus  
Show
View Real Time Build Order
Export as new Build Order

Fropez Protoss 

Build Orders:  

Get SALT Encoding   

  12  0:02  Probe (Chrono Boost)  
  13  0:20  Pylon  
  13  0:24  Probe (Chrono Boost)  
  13  0:25  Assimilator  
  14  0:42  Gateway  
  14  1:01  Pylon  
  14  1:12  Probe (Chrono Boost)  
  15  1:29  Cybernetics Core  
  15  1:37  Gateway  
  15  1:39  Probe (Chrono Boost)  
  16  1:41  Forge  
  16  1:55  Pylon  
  16  2:01  Assimilator  
  17  2:07  Mothership Core (Chrono Boost)  
  18  2:13  Warp Gate (Chrono Boost)  
  18  2:26  Probe (Chrono Boost)  
  19  2:40  Probe (Chrono Boost)  
  19  2:43  Photon Cannon  
  20  2:45  Adept  
  22  2:57  Probe  
  23  3:02  Adept  
  25  3:09  Probe  
  26  3:17  Adept  
  28  3:21  Probe  
  29  3:29  Adept  
  30  3:34  Probe  
  31  3:42  Pylon  
  31  3:46  Probe  
  32  3:49  Adept  
  34  3:58  Probe  
  35  4:11  Probe  
  36  4:24  Twilight Council  
  36  4:26  Protoss Ground Weapons Level 1 (Chrono Boost)  
  36  4:29  Adept x2  
  38  4:57  Probe  
  39  5:08  Adept  
  39  5:10  Nexus  
  39  5:14  Adept  
  43  5:16  Probe  
  43  5:19  Resonating Glaives  
  44  5:50  Probe  
  44  5:56  Assimilator  
  45  5:59  Assimilator  
  45  6:02  Gateway  
  45  6:04  Pylon  
  43  6:33  Adept  
  27  7:10  Adept  
  27  7:13  Mothership Core  
  25  7:33  Pylon  
  23  7:48  Probe  
  24  8:00  Gateway  
  24  8:05  Pylon  
  24  8:10  Probe  
  24  8:11  Pylon, Probe  
  26  8:13  Adept x3  
  32  8:20  Probe  
  33  8:36  Probe x2  
  35  8:45  Adept x3  
  41  8:49  Probe x2  
  43  8:59  Probe  
  43  9:01  Probe  
  45  9:07  Photon Cannon  
  45  9:17  Pylon  
Tags
 
League
Silver
Matchup
PvP
Replay Pack
All Mines
Spawn Locations
Close Positions
Add a new tag
Caveats
  • Supply blocks, unpowered buildings, or Contaminate may cause inaccurate times.
  • Supply counts are checked every 10 seconds.